Yev-Ruu, chaotic female vampiric Convict --- --- --------- ---- ---.--- --->--- ---|..|..|.---- |..--- --- ----- |.....| ---.....----.--..........---- |....| ---.---...| |.|...|---........--.................---------------.----.........| ------%.--|..........................................||...|.........-- ...||...----.-......----...---...----..|....--%------.----.|-........| -.--.--- .......|..|---...| ----- ---|.........---|...||)||.)......| --- |....|---.--....|.-||.....| ---.|.....|...|---.--.|---.....-- --.--------..--|... |[%%....--.*---- |...|.%...|%..| |.*..| |.....| |..............|.- --.........---------------.--.....------ ---%%----.--..| |-....--------...| |..[....%.................|.....-- |...|...|---- |......-- |...| |......<---------------..-|-....| ------%.--.--- --.---..---- |...--- -....%-- |...|--...--- --....).....-- --- |.....-----...| |....-- ---.-----...| |............| ---........|--..-- |-.. |...| |...| --..).....--.--- |..(.......---...---[.. --..|--...-- -----....-|...| |.....---........o.%[.. ---------.....---- --....|--.--- --...-- -----0.%..@0... |.......)........| --...-- |...---- ----- --..---...- |..--------.--...| |....| --.....| ---- |..- |..| -----.-- --..-- |..|..| ---- ---- --- ---- ------- Yev-Ruu the Jail-bird Experience level: 8 Strength: 15 Dexterity: 13 Constitution: 18 Intelligence: 15 Wisdom: 7 Charisma: 7 Health: 0(77) Energy: 47(47) AC: 5 Gold: 152 Moves: 3229 Your Inventory: Coins $ - 152 gold pieces Armor b - a cursed +0 striped shirt (being worn) i - an [uncursed] +0 pair of hard shoes [iron] (being worn) C - an [uncursed] +0 hard hat [dwarvish iron helm] (being worn) K - an [uncursed] +0 white-handed shield [Uruk-hai] (being worn) Comestibles B - an [uncursed] Hyper Futa Mare Dick named My Lucky Scrolls j - an [uncursed] scroll labeled HZLRC KSTSBD MPFNG [of light] t - an [uncursed] scroll labeled ANDOVA BEGARIN [of taming] G - a [blessed] scroll labeled GNIK SISI VLE [of identify] Potions z - an [uncursed] potion of oil Wands f - an [uncursed] wand of magic missile [0:7] Tools k - an [uncursed] skeleton key r - an [uncursed] looking glass [mirror] A - an [uncursed] stethoscope Gems n - an [uncursed] stone called Touch [touchstone] x - an [uncursed] gem called real [amethyst] F - an [uncursed] stone called Luckfling [luckstone] I - an [uncursed] gem called 2real [topaz] Spells known in the end: Name Level Category Fail Memory Your skills at the end: Fighting Skills Weapon Skills sling [Basic / Skilled] Spellcasting Skills Final Attributes: You were piously aligned. Hunger level was 135. Your alignment was 26 / 26. Monster difficulty range was 0 - 6. Level difficulty was 5. You were immune to poison. You were immune to level-drain. You were immune to sickness. You could fly. You could survive without air. You regenerated. You were lucky (3). You had extra luck. Bad luck did not time out for you. Good luck did not time out for you. You are dead. Vanquished creatures: a small mimic a gnome king a gray unicorn a human zombie 6 Uruk-hai 2 shriekers 7 gnome lords a red naga hatchling 2 golden naga hatchlings a gray ooze 2 elf zombies a straw golem 4 giant ants a floating eye 7 dwarves 6 hill orcs a rabid rat 4 orc zombies 2 killer bees 2 coyotes a gas spore 3 hobbits a giant rat a brown mold 33 gnomes a gnome zombie 3 geckos 3 jackals a fox a goblin a sewer rat 2 grid bugs a bat a lichen a kobold zombie 7 newts 114 creatures vanquished. Voluntary challenges: You went without food. You were illiterate. You never hit with a wielded weapon. You put on armor 10 times. You never genocided any monsters. You never polymorphed an object. You never changed form. You used no wishes. You abstained from Elbereth's help. You never encountered a bones level. You never used any Sokoban shortcuts. Dungeon overview: The Dungeons of Doom: levels 1 to 2 Level 1 a long staircase Level 2 a weapon shop stairs to The Gnomish Mines The Gnomish Mines: levels 3 to 5 Level 3 stairs to The Dungeons of Doom Level 5 <- You were here History has recorded: On T:1 you entered the Dungeons of Doom to retrieve the Amulet of Yendor! On T:342 you reached level 2 of The Dungeons of Doom. On T:651 you advanced to experience level 2. On T:739 you advanced to experience level 3. On T:1030 you advanced to experience level 4. On T:1074 you reached level 1 of The Gnomish Mines. On T:1087 you advanced to experience level 5. On T:1167 you advanced to experience level 6. On T:1727 you reached level 2 of The Gnomish Mines. On T:1968 you advanced to experience level 7. On T:2449 you reached level 3 of The Gnomish Mines. On T:2844 you advanced to experience level 8. Latest messages: The hill orc misses. Click! The hill orc triggers a rolling boulder trap. The boulder hits the hill orc! The hill orc is killed! Click! The hill orc triggers a rolling boulder trap. The boulder misses the hill orc. [HP+1=22] You hit the hill orc. You bite the hill orc. You feed on the lifeblood. The hill orc suddenly seems weaker! The hill orc dies! The hill orc hits! [HP-2=20] The Uruk-hai hits! [HP-4=16] You hit the Uruk-hai. You miss the Uruk-hai. Click! The hill orc triggers a rolling boulder trap. The boulder hits the hill orc! The hill orc is killed! You are hit by a boulder! You die... Final status: Goodbye Yev-Ruu the Convict... You died in The Gnomish Mines on dungeon level 5 with 3793 points, and 152 pieces of gold, after 3229 moves. You were level 8 with a maximum of 77 hit points when you died.